 Seeded DCSS version 0.31-a0-229-g1fc7ce93e2 (webtiles) character file.

Game seed: 13275427502194390118 (custom seed)

281 rocky1 the Carver (level 6, -3/44 HPs)
             Began as a Merfolk Gladiator on July 7, 2023.
             Slain by a gnoll
             ... wielding a +0 flail
              (8 damage)
             ... on level 4 of the Dungeon.
             The game lasted 00:04:53 (2497 turns).

rocky1 the Carver (Merfolk Gladiator)               Turns: 2497, Time: 00:04:54

Health: -3/44      AC: 10    Str: 20    XL:     6   Next: 27%
Magic:  6/6        EV: 12    Int:  7    God:
Gold:   180        SH:  0    Dex: 18    Spells: 5/5 levels left

rFire   + . .        a - +0 long sword
rCold   . . .        (no shield)
rNeg    . . .        q - +0 chain mail
rPois   .            m - +1 helmet
rElec   .            (no cloak)
rCorr   .            (no gloves)
SInv    .            (boots currently unavailable)
Will    .....        (no amulet) Stlth
                     f - +6 ring of strength
HPRegen 0.27/turn    (no ring)
MPRegen 0.10/turn

%: no passive effects
@: very quick
A: nimble swimmer 2, mertail, fire resistance 1
a: no special abilities


You were on level 4 of the Dungeon.
You visited 1 branch of the dungeon, and saw 4 of its levels.

You collected 180 gold pieces.

Inventory:

Hand Weapons
 a - a +0 long sword (weapon)
Missiles
 d - 3 throwing nets
 e - 5 javelins
 j - 3 boomerangs
 k - 6 poisoned darts (quivered)
Armour
 b - a +0 leather armour
 m - a +1 helmet (worn)
 q - a +0 chain mail (worn)
Jewellery
 f - a +6 ring of strength (left hand)
 r - a ring of wizardry
Scrolls
 g - a scroll of teleportation {unknown}
 h - a scroll of silence {unknown}
 i - a scroll of summoning {unknown}
 l - 2 scrolls of fear {unknown}
 n - a scroll of fog {unknown}
Potions
 c - 2 potions of berserk rage {unknown}
 o - 2 potions of enlightenment {unknown}
 p - a potion of mutation
 t - a potion of resistance {unknown}


   Skills:
 - Level 2.1 Fighting
 + Level 8.2 Long Blades
 - Level 2.0 Throwing
 - Level 4.0 Dodging


You had 5 spell levels left.
You didn't know any spells.
Your spell library contained the following spells:

 Spells                   Type           Power      Damage    Failure   Level
 Ozocubu's Armour         Ice            0%         N/A       100%        3
 Metabolic Englaciation   Hex/Ice        0%         N/A       100%        5
 Simulacrum               Ice/Necr       0%         N/A       100%        6
 Ozocubu's Refrigeration  Ice            0%         4d7       100%        7
 Polar Vortex             Ice            0%         N/A       100%        9


Dungeon Overview and Level Annotations

Branches:
Dungeon (4/15)
 Temple: D:4-7

Altars:
Fedhas
Nemelex Xobeh
The Shining One

Shops:
D:1 :==[


Innate Abilities, Weirdness & Mutations

You are very nimble when in or above water. (Stealth+, EV+, Speed+++)
Your lower body shifts to a powerful aquatic tail in water.
Your flesh is heat resistant. (rF+)


Message History

You hear the slow rusting of a drain nearby.
You slash the gnoll!
The gnoll is severely wounded.
The gnoll hits you with a +0 flail.
You closely miss the gnoll.
The gnoll is severely wounded.
The gnoll hits you with a +0 flail. The gnoll hits you with a +0 flail!
* * * LOW HITPOINT WARNING * * *
You closely miss the gnoll.
The gnoll is severely wounded.
The gnoll completely misses you. The gnoll hits you with a +0 flail.
* * * LOW HITPOINT WARNING * * *
The gnoll attacks as you move away! The gnoll hits you with a +0 flail.
* * * LOW HITPOINT WARNING * * *
The gnoll attacks as you move away! The gnoll barely misses you.
Your legs become a tail as you enter the water.
You hit the gnoll but do no damage. The gnoll hits you with a +0 flail.
* * * LOW HITPOINT WARNING * * *
You hit the gnoll.
The gnoll is moderately wounded.
You hit the gnoll. You tail-slap the gnoll.
The gnoll is almost dead.
The gnoll barely misses you. The gnoll closely misses you.
You hit the gnoll.
You kill the gnoll!
You hear a splash. x3
The gnoll hits you but does no damage. x2
You hit the gnoll.
The gnoll is severely wounded.
The gnoll closely misses you. x2
You hit the gnoll but do no damage.
Your tail-slap misses the gnoll.
The gnoll is severely wounded.
The gnoll splashes around in the water.
The gnoll misses you.
You hit the gnoll but do no damage.
The gnoll is severely wounded.
The gnoll splashes around in the water.
The gnoll hits you but does no damage.
You hit the gnoll.
The gnoll is severely wounded.
The gnoll hits you with a +0 flail!
You die...

.. . ...#########
.##.#........... # .
.#..#......# ..##.
...#......#
##....##..#......#
..##.....#......### ..
#...#[.......#
...##.#.......g~≈..#
#.......#....)@~..#
....#.##.#...~g_~..# ##
## #....###.~.~..## #.
. ##.###.~~.~.# #.# #.
....##.##### #.## .
..#.##.###### #... ..
..#.........# #..#
.###.........# #..#####
#.........######.......


You could see 2 gnolls.

Vanquished Creatures
  An orc priest (D:4)
  Jessica (D:2)
  An orc wizard (D:4)
  Natasha (thrice) (D:2)
  A gnoll (D:4)
  5 adders
  2 worms
  A dart slug (D:2)
  3 orcs (D:4)
  6 bats
  6 endoplasms
  2 giant cockroaches
  5 goblins
  2 hobgoblins
  2 jackals (D:2)
  5 kobolds
  4 quokkas
  3 ball pythons
  2 frilled lizards
  6 rats
61 creatures vanquished.

Notes
Turn   | Place    | Note
-------+----------+-------------------------------------------
     0 | D:1      | rocky1 the Merfolk Gladiator began the quest for the Orb.
     0 | D:1      | Reached XP level 1. HP: 16/16 MP: 1/1
    11 | D:1      | Found Onlezats's Jewellery Emporium.
   210 | D:1      | Reached skill level 4 in Long Blades
   275 | D:1      | Found Zyuqykanwy's Book Shop.
   393 | D:1      | Found Obocek's Jewellery Boutique.
   396 | D:1      | Reached XP level 2. HP: 22/22 MP: 2/2
   483 | D:1      | Found Saufiugh's Armour Emporium.
   618 | D:2      | Noticed Jessica
   638 | D:2      | Killed Jessica
   639 | D:2      | Reached skill level 5 in Long Blades
   639 | D:2      | Reached XP level 3. HP: 10/27 MP: 3/3
   742 | D:2      | Found a faded altar of an unknown god.
   877 | D:2      | Reached XP level 4. HP: 33/33 MP: 4/4
   922 | D:2      | Noticed Natasha
   938 | D:2      | Killed Natasha
   939 | D:2      | Reached skill level 6 in Long Blades
  1038 | D:2      | Noticed Natasha
  1048 | D:2      | Killed Natasha
  1049 | D:2      | Reached XP level 5. HP: 20/38 MP: 5/5
  1122 | D:2      | Noticed Natasha
  1130 | D:2      | Killed Natasha
  1131 | D:2      | Reached skill level 7 in Long Blades
  1348 | D:2      | Found a glowing golden altar of the Shining One.
  1627 | D:3      | Found a sparkling altar of Nemelex Xobeh.
  2391 | D:4      | Gained mutation: Your flesh is heat resistant. (rF+)
                  | [potion of mutation]
  2413 | D:4      | Reached skill level 8 in Long Blades
  2413 | D:4      | Reached XP level 6. HP: 7/44 MP: 6/6
  2454 | D:4      | Found a blossoming altar of Fedhas.
  2497 | D:4      | Slain by a gnoll

Illustrated notes

Levels and vault maps discovered:
D:1:      erik_arrival_blinker_ship, layout_loops_ring, serial_shops, shop,
          shop, shop, nicolae_shop_rolling_square
D:2:      layout_rooms, ebering_ecumenical_altar_hall, basic_altar,
          uniq_natasha, uniq_jessica
D:3:      layout_loops_ring, mainiacjoe_overflow_cross_hatched
D:4:      layout_basic, fedhas_altar_2, minmay_temple_entry_ruins,
          cheibrodos_sewer_entry_sluice, grunt_ministairs_12, uniq_duvessa

Skill      XL: |  1  2  3  4  5 |
---------------+----------------+-----
Long Blades    | 4 5 6 8 |  8.2
Fighting       | |  2.1
Throwing       | |  2.0
Dodging        | |  4.0

Action                     |  1- 3 |  4- 6 || total
---------------------------+-------+-------++-------
  Melee: Long sword        |    56 |   134 ||   190
         Punch             |     2 |     3 ||     5
         Tailslap          |       |     1 ||     1
  Throw: Dart              |     5 |       ||     5
    Use: Potion            |       |     4 ||     4
   Stab: Sleeping          |     2 |       ||     2
 Armour: Leather armour    |    10 |    22 ||    32
         Chain mail        |       |    30 ||    30
  Dodge: Dodged            |    52 |    66 ||   118

Table legend: (Time is in decaauts)
 A = Elapsed time spent in this place.
 B = Non-inter-level travel time spent in this place.
 C = Inter-level travel time spent in this place.
 D = Time resting spent in this place.
 E = Time spent auto-exploring this place.
 F = Levels seen in this place.
 G = Mean time per level.
                   A        B        C        D        E       F      G
               +--------+--------+--------+--------+--------+-----+--------+
         Total |   2505 |   2381 |    124 |    417 |   1412 |   4 |  626.2 |
       Dungeon |   2505 |   2381 |    124 |    417 |   1412 |   4 |  626.2 |
               +--------+--------+--------+--------+--------+-----+--------+

Top non-repeatable levels by time:
     D:2: 994 daAuts
     D:3: 804 daAuts
     D:1: 588 daAuts
     D:4: 118 daAuts
